Workbook
Name aa: #REF!
Name aa: #REF!
Name aa: #REF!
Name aa: #REF!
Name adasda: #REF!
Name adasda: #REF!
Name adasda: #REF!
Name adasda: #REF!
Name BDI: #REF!
Name BDI: #REF!
Name BDI: #REF!
Name BDI: #REF!
Name BDI: [1]Desoneração!#REF!
Name BDI: [1]Desoneração!#REF!
Name ISS: #REF!
Name ISS: #REF!
Name PageMaker: #REF!
Name PageMaker: #REF!
Name Print_Area: 'AA AT HORAS'!$D$1:$M$47
Name Print_Area: 'Cálculo Cobertura'!$A$2:$Q$10
Name Print_Area: 'Planilha de custos'!$A$1:$R$31
Name Qtd_Dias: #REF!
Name Qtd_Dias: #REF!
Name Qtd_Dias: #REF!
Name Qtd_Dias: '[2]HORAS,VT,VA'!#REF!
Name Qtd_Dias: '[1]HORAS,VT,VA,CAFÉ'!$B$19

Sheet Planilha de custos
A10: PLANILHA DE CUSTOS E FORMAÇÃO DE PREÇOS - DE 01/10/2022 A 30/09/2023
A11: Posto de Trabalho | B11: Convenção Coletiva de Trabalho (pode ser alterado) vigência Data-base | C11: Jornada de Trabalho | D11: MONTANTE A | I11: MONTANTE B | L11: Somatório Montantes "A" e "B" | M11: CITL Calculado sobre o Somatório dos Montantes "A" e "B" | N11: Total unitário mensal do posto de trabalho | O11: Total unitário anual do posto de trabalho (meses) | P11: Quantidade de profissionais por posto de trabalho | Q11: Total mensal estimado da contratação | R11: Total anual estimado da contratação
D12: Salário | E12: Adicional Noturno | F12: Remuneração | G12: Encargos Sociais | H12: Total Unitário Montante "A" | I12: Valor do Auxílio-Alimentação | J12: Valor do Auxílio-transporte | K12: Total Unitário Montante "B"
G13: ='Encargos Sociais'!D36 -> 0.71695 | M13: ='Encargos Sociais'!K14 -> 0.31020408 | O13: 12
A14: Agentes de Portaria CBO 5174-10 | B14: SEAC/DF e SINDISERVICOS/DF DF000015/2022, de 19/01/2022 01/01/2022 a 31/12/2022 1º de janeiro | C14: 44hs - diurno | D14: =1543.91 -> 1543.91 | E14: 0 | F14: =D14+E14 -> 1543.91 | G14: =ROUNDUP((F14*$G$13),2) -> 1106.91 | H14: =D14+E14+G14 -> 2650.82 | I14: ='AA AT HORAS'!U15 -> 772.66667 | J14: ='AA AT HORAS'!M39 -> 131.03207 | K14: =I14+J14 -> 903.69873 | L14: =H14+K14 -> 3554.5187 | M14: =L14*$M$13 -> 1102.6262 | N14: =ROUNDUP((L14+M14),2) -> 4657.15 | O14: =N14*$O$13 -> 55885.8 | P14: 12 | Q14: =N14*P14 -> 55885.8 | R14: =Q14*$O$13 -> 670629.6
C15: 12x36hs - diurno | D15: =1543.91 -> 1543.91 | E15: 0 | F15: =D15+E15 -> 1543.91 | G15: =ROUNDUP((F15*$G$13),2) -> 1106.91 | H15: =D15+E15+G15 -> 2650.82 | I15: ='AA AT HORAS'!U17 -> 576.33333 | J15: ='AA AT HORAS'!M40 -> 74.198733 | K15: =I15+J15 -> 650.53207 | L15: =H15+K15 -> 3301.3521 | M15: =L15*$M$13 -> 1024.0929 | N15: =ROUNDUP((L15+M15),2) -> 4325.45 | O15: =N15*$O$13 -> 51905.4 | P15: 6 | Q15: =N15*P15 -> 25952.7 | R15: =Q15*$O$13 -> 311432.4
C16: 12x36hs - noturno | D16: =1543.91 -> 1543.91 | E16: ='AA AT HORAS'!U38 -> 189.47986 | F16: =D16+E16 -> 1733.3899 | G16: =ROUNDUP((F16*$G$13),2) -> 1242.76 | H16: =D16+E16+G16 -> 2976.1499 | I16: ='AA AT HORAS'!U17 -> 576.33333 | J16: ='AA AT HORAS'!M41 -> 74.198733 | K16: =I16+J16 -> 650.53207 | L16: =H16+K16 -> 3626.6819 | M16: =L16*$M$13 -> 1125.0115 | N16: =ROUNDUP((L16+M16),2) -> 4751.7 | O16: =N16*$O$13 -> 57020.4 | P16: 2 | Q16: =N16*P16 -> 9503.4 | R16: =Q16*$O$13 -> 114040.8
A17: Subtotal 1 | H17: =SUM(H14:H16) -> 8277.7899 | K17: =SUM(K14:K16) -> 2204.7629 | L17: =SUM(L14:L16) -> 10482.553 | P17: 20 | Q17: =SUM(Q14:Q16) -> 91341.9 | R17: =SUM(R14:R16) -> 1096102.8
A18: I. AUXÍLIO SAÚDE - PLANO AMBULATORIAL - Ressarcimento (Só poderá ser alterado pelo licitante em caso de adoção de outra CCT) | O18: Qtd. | P18: Valor Unit. | Q18: Valor Mensal | R18: Valor Anual
O19: =P17 -> 20 | P19: 169.67 | Q19: =O19*P19 -> 3393.4 | R19: =Q19*O13 -> 40720.8
A20: II. AUXÍLIO-ODONTOLÓGICO - Ressarcimento (Só poderá ser alterado pelo licitante em caso de adoção de outra CCT) | O20: Qtd. | P20: Valor Unit. | Q20: Valor Mensal | R20: Valor Anual
O21: =P17 -> 20 | P21: 11.27 | Q21: =O21*P21 -> 225.4 | R21: =Q21*O13 -> 2704.8
A22: III. AUXÍLIO-FUNERAL E SEGURO DE VIDA - Ressarcimento (Só poderá ser alterado pelo licitante em caso de adoção de outra CCT) | O22: Qtd. | P22: Valor Unit. | Q22: Valor Mensal | R22: Valor Anual
O23: =P17 -> 20 | P23: 2.5 | Q23: =O23*P23 -> 50 | R23: =Q23*O13 -> 600
A24: IV - UNIFORMES MASCULINOS E FENIMINOS - Ressarcimento (Valor máximo admitido - pode ser alterado pela licitante, fazendo constar sempre o de maior valor entre o feminino e o masculino) Obs: O valor estimado previsto para uniforme observou o valor do uniforme masculino (maior valor), contudo, para fins de ressarcimento deverá ser observado o valor individualizado de cada item. | O24: Valor Masculino | P24: Valor Feminino | Q24: Valor Mensal | R24: Valor Anual
O25: ='Anx II-A Uniforme'!E12 -> 3394 | P25: ='Anx II-A Uniforme'!E21 -> 3319 | Q25: =R25/O13 -> 5656.6667 | R25: ='Anx II-A Uniforme'!F12 -> 67880
A26: V- MATERIAIS E EQUIPAMENTOS - Ressarcimento (Valor máximo admitido - pode ser alterado pela licitante) | Q26: Valor Mensal | R26: Valor Anual
Q27: =R27/O13 -> 248.3 | R27: ='Anx II-C Mat. e Equip.'!F10 -> 2979.6
A28: VI - EQUIPAMENTOS E MATERIAIS / BENS DURÁVEIS - Ressarcimento (Valor máximo admitido - pode ser alterado pela licitante) | Q28: Valor Mensal | R28: Valor Anual
Q29: =R29/O13 -> 1979.1667 | R29: ='Anx II-D Equip. Detreciáveis'!I9 -> 23750
A30: Subtotal 2 | Q30: =SUM(Q19:Q29) -> 11552.933 | R30: =SUM(R19:R29) -> 138635.2
A31: Total - Somatório do Subtotal 1 e do Subtotal 2 | Q31: =ROUNDUP((Q17+Q30),2) -> 102894.84 | R31: =ROUNDUP((R17+R30),2) -> 1234738
P34: GARANTIA | Q34: =0.05*R31 -> 61736.9

Sheet AA AT HORAS
D9: PLANILHA DE HORAS NO PERÍODO DE 01/10/2022 A 30/09/2023
D10: MÊS | E10: Quantidade de dias da Semana | I10: Feriados forenses no período | J10: Quantidade de horas úteis no mês
E11: Nº de Segundas a Quintas | F11: Nº de Sextas | G11: Nº de Sábados | H11: Nº de Domingos e Feriados | J11: 44 horas semanais | N11: CÁLCULO AUXÍLIO-ALIMENTAÇÃO
D12: 44835 | E12: 16 | F12: 3 | G12: 5 | H12: 6 | I12: 1 | J12: 168 | N12: Posto de trabalho | Q12: Valor Unitário | R12: % de subsídio PAT ou CCT | S12: Dias Úteis | T12: Valor anual do auxílio- alimentação | U12: Valor estimado mensal
D13: 44866 | E13: 15 | F13: 4 | G13: 4 | H13: 6 | I13: 1 | J13: 167 | R13: 0
D14: 44896 | E14: 16 | F14: 5 | G14: 5 | H14: 4 | I14: 1 | J14: 184
D15: 44927 | E15: 18 | F15: 4 | G15: 4 | H15: 5 | I15: 0 | J15: 194 | N15: =$D$32 -> Agente de Portaria - 44hs | Q15: 38 | R15: =(Q15)-(Q15*$R$13) -> 38 | S15: =$E$25 -> 244 | T15: =R15*S15 -> 9272 | U15: =T15/12 -> 772.66667
D16: 44958 | E16: 14 | F16: 4 | G16: 4 | H16: 5 | I16: 1 | J16: 158 | N16: =$D$33 -> Agente de Portaria - 12x36hs - diurno | Q16: 38 | R16: =(Q16)-(Q16*$R$13) -> 38 | S16: =R44 -> 182 | T16: =R16*S16 -> 6916 | U16: =T16/12 -> 576.33333
D17: 44986 | E17: 18 | F17: 5 | G17: 4 | H17: 4 | I17: 0 | J17: 202 | N17: =$D$34 -> Agente de Portaria 12x36hs - noturno | Q17: 38 | R17: =((Q17)-(Q17*$R$13)) -> 38 | S17: =R44 -> 182 | T17: =R17*S17 -> 6916 | U17: =T17/12 -> 576.33333
D18: 45017 | E18: 14 | F18: 2 | G18: 5 | H18: 7 | I18: 2 | J18: 142
D19: 45047 | E19: 18 | F19: 4 | G19: 4 | H19: 5 | I19: 0 | J19: 194
D20: 45078 | E20: 16 | F20: 5 | G20: 4 | H20: 5 | I20: 0 | J20: 184
D21: 45108 | E21: 17 | F21: 4 | G21: 5 | H21: 5 | I21: 0 | J21: 185
D22: 45139 | E22: 19 | F22: 3 | G22: 4 | H22: 4 | I22: 1 | J22: 195
D23: 45170 | E23: 15 | F23: 5 | G23: 5 | H23: 5 | I23: 0 | J23: 175
E24: =SUM(E12:E23) -> 196 | F24: =SUM(F12:F23) -> 48 | G24: =SUM(G12:G23) -> 53 | H24: =SUM(H12:H23) -> 61
D25: DIAS ÚTEIS | E25: =SUM(E24:F24) -> 244
D26: TOTAL DE HORAS DE FUNCIONAMENTO NO PERÍODO | J26: =SUM(J12:J23) -> 2148
D28: CÁLCULO DO CUSTO DO AUXÍLIO-TRANSPORTE | P28: CÁLCULO DO VALOR DA HORA - 1º ANO
D29: Posto de trabalho | G29: Salário | H29: 12 meses (12 * salário) | I29: Dias úteis no ano | J29: Resultado (12 meses/dias úteis) | K29: 0.06 | L29: Dias Trabalhados no ano | M29: Participação funcionário (anual) | P29: Postos de Trabalho | R29: ='Planilha de custos'!N11 -> Total unitário mensal do posto de trabalho | S29: Divisor | T29: Valor da Hora
K30: x resultado
P31: Agentes de Portaria | Q31: 44hs - diurno | R31: ='Planilha de custos'!N14 -> 4657.15 | S31: 220 | T31: =R31/S31 -> 21.168864
D32: Agente de Portaria - 44hs | G32: ='Planilha de custos'!D14 -> 1543.91 | H32: =G32*12 -> 18526.92 | I32: =$E$25 -> 244 | J32: =H32/I32 -> 75.93 | K32: =J32*$K$29 -> 4.5558 | L32: =$E$25 -> 244 | M32: =K32*L32 -> 1111.6152 | Q32: 12x36hs - diurno | R32: ='Planilha de custos'!N15 -> 4325.45 | T32: =R32/S31 -> 19.661136
D33: Agente de Portaria - 12x36hs - diurno | G33: ='Planilha de custos'!D15 -> 1543.91 | H33: =G33*12 -> 18526.92 | I33: =R44 -> 182 | J33: =H33/I33 -> 101.79626 | K33: =J33*$K$29 -> 6.1077758 | L33: =R44 -> 182 | M33: =K33*L33 -> 1111.6152 | Q33: 12x36hs - noturno | R33: ='Planilha de custos'!N16 -> 4751.7 | T33: =R33/S31 -> 21.598636
D34: Agente de Portaria 12x36hs - noturno | G34: ='Planilha de custos'!D16 -> 1543.91 | H34: =G34*12 -> 18526.92 | I34: =R44 -> 182 | J34: =H34/I34 -> 101.79626 | K34: =J34*$K$29 -> 6.1077758 | L34: =R44 -> 182 | M34: =K34*L34 -> 1111.6152
P36: ADICIONAL NOTURNO
D37: Posto de trabalho | G37: Valor unitário do vale | H37: Quantidade diária | I37: Dias úteis no ano | J37: Resultado | K37: Participação funcionário (anual) | L37: Participação empresa (anual) | M37: Participação empresa (mensal) | P37: Posto | Q37: Salário | R37: Percentual de Acréscimo 22,5% | S37: Qtd. de horas noturnas | T37: Dias no mês | U37: Valor do Adicional noturno mensal (R$)
P38: =D34 -> Agente de Portaria 12x36hs - noturno | Q38: ='Planilha de custos'!D16 -> 1543.91 | R38: 0.225 | S38: 8 | T38: 15 | U38: =((Q38/220)*R38)*S38*T38 -> 189.47986
D39: =$D$32 -> Agente de Portaria - 44hs | G39: 5.5 | H39: 2 | I39: =$E$25 -> 244 | J39: =G39*H39*I39 -> 2684 | K39: =M32 -> 1111.6152 | L39: =IF(J39-K39<=0,0,J39-K39) -> 1572.3848 | M39: =L39/12 -> 131.03207
D40: =$D$33 -> Agente de Portaria - 12x36hs - diurno | G40: 5.5 | H40: 2 | I40: =R44 -> 182 | J40: =G40*H40*I40 -> 2002 | K40: =M33 -> 1111.6152 | L40: =IF(J40-K40<=0,0,J40-K40) -> 890.3848 | M40: =L40/12 -> 74.198733
D41: =$D$34 -> Agente de Portaria 12x36hs - noturno | G41: 5.5 | H41: 2 | I41: =R44 -> 182 | J41: =G41*H41*I41 -> 2002 | K41: =M34 -> 1111.6152 | L41: =IF(J41-K41<=0,0,J41-K41) -> 890.3848 | M41: =L41/12 -> 74.198733
P43: Planilha de Horas - Postos 12x36hs
D44: Observações: | P44: Dias úteis por ano | R44: 182
D45: 1. No posto de trabalho 12x36hs, em 1 semana o profissional trabalha 3 dias (36 horas) e na outra trabalha 4 dias (48 horas) e assim alternadamente. | P45: Horas trabalhadas no período | R45: 2184
D46: 2. Um ano possui 52 semanas. Durante 26 semanas (metade de 52 semanas), o profissional locado no posto de trabalho 12x36 trabalhará 36 horas por semana, totalizando 936 horas no período.
D47: 3. Para as outras 26 semanas no ano, o profissional trabalhará 48 horas por semana, totalizando 1.248 horas no período, assim, durante 1 ano o ocupante do posto de trabalho 12X36 trabalhará 182 dias, correspondendo a 2.184 horas.
D48: 4. Para o valor Unitário do Vale Transporte, foi levado em consideração o preço praticado em Brasília, devendo a empresa aplicar o valor correspondente à sua realidade, no entanto, deverá ser observada a metodologia de cálculo constante na planilha de formação de preços, cuja comprovação deverá ser comprovada quando do encaminhamento da proposta vencedora.

Sheet Encargos Sociais
B2: PLANILHA DE COMPOSIÇÃO DOS PERCENTUAIS
B3: MÁXIMOS DE ENCARGOS SOCIAIS | G3: CUSTOS INDIRETOS, TRIBUTOS E LUCRO - CITL
B4: Item | C4: Título | D4: RAT / FAP (*) PODERÁ SER ALTERADO | G4: TRIBUTAÇÃO | J4: Cumulativa | K4: Não Cumulativa
D5: 0.03 | E5: 2
B6: Módulo "A" | D6: % | G6: DESCRIÇÃO | J6: % | K6: %
B7: 1 | C7: PREVIDÊNCIA SOCIAL - PODERÁ SER ALTERADO | D7: 0.2 | G7: CUSTOS INDIRETOS* | I7: A | J7: 0.05 | K7: 0.05
B8: 2 | C8: SESI / SESC - NÃO PODERÁ SER ALTERADO | D8: 0.015 | G8: LUCRO* | I8: B | J8: 0.07 | K8: 0.07
B9: 3 | C9: SENAI / SENAC - NÃO PODERÁ SER ALTERADO | D9: 0.01 | G9: TRIBUTOS - SOMATÓRIO: | I9: C | J9: =SUM(J10:J13) -> 0.0865 | K9: =SUM(K10:K13) -> 0.1425
B10: 4 | C10: INCRA - NÃO PODERÁ SER ALTERADO | D10: 0.002 | I10: ISS | J10: 0.05 | K10: 0.05
B11: 5 | C11: SALÁRIO EDUCAÇÃO - NÃO PODERÁ SER ALTERADO | D11: 0.025 | I11: COFINS | J11: 0.03 | K11: 0.076
B12: 6 | C12: F G T S - NÃO PODERÁ SER ALTERADO | D12: 0.08 | I12: PIS | J12: 0.0065 | K12: 0.0165
B13: 7 | C13: RISCO ACIDENTE DE TRABALHO AJUSTADO (**) | D13: =D5*E5 -> 0.06 | I13: CPRB** | J13: 0 | K13: 0
B14: 8 | C14: SEBRAE - NÃO PODERÁ SER ALTERADO | D14: 0.006 | G14: TOTAL DO CITL | J14: =(((1+J7)*(1+J8))/(1-J9))-1 -> 0.22988506 | K14: =(((1+K7)*(1+K8))/(1-K9))-1 -> 0.31020408
B15: Total do Módulo "A" | D15: =SUM(D7:D14) -> 0.398 | G15: Fórmula do citl
B16: Módulo B | D16: %
D17: 1º Ano | E17: A partir do 2º ano
B18: 9 | C18: 13º SALÁRIO - NÃO PODERÁ SER ALTERADO (***) | D18: 0.0833 | E18: =1/11 -> 0.090909091 | G18: Onde:
B19: 10 | C19: FÉRIAS - NÃO PODERÁ SER ALTERADO (***) | D19: 0.0833 | E19: =1/11 -> 0.090909091 | G19: A = Custos indiretos;
B20: 11 | C20: ABONO DE FÉRIAS - NÃO PODERÁ SER ALTERADO (***) | D20: 0.0278 | E20: =1/3/11 -> 0.03030303 | G20: B = Lucro; e
B21: 12 | C21: AUXÍLIO DOENÇA - PODERÁ SER ALTERADO | D21: 0.0139 | G21: C = Tributos - somatório
B22: 13 | C22: LICENÇA PATERNIDADE - PODERÁ SER ALTERADO | D22: 0.0002 | G22: *Incluem custo com salário, encargos e auxílios do preposto
B23: 14 | C23: FALTAS LEGAIS - PODERÁ SER ALTERADO | D23: 0.0028 | G23: **Contribuição Previdenciária sobre a Receita Bruta - lei 12.546/2011
B24: 15 | C24: ACIDENTE DO TRABALHO - PODERÁ SER ALTERADO | D24: 0.0003
B25: Total do Módulo "B" | D25: =SUM(D18:D20)+SUM(D21:E24) -> 0.2116 | E25: =SUM(E18:E20)+SUM(D21:E24) -> 0.22932121 | G25: CONTA-DEPÓSITO VINCULADA - BLOQUEADA PARA MOVIMENTAÇÃO
B26: Módulo C | D26: % | G26: Item | J26: 1º Ano | K26: A partir do 2º ano
B27: 16 | C27: AVISO PRÉVIO INDENIZADO - PODERÁ SER ALTERADO | D27: 0.0042 | G27: Módulo "A" | J27: =D15 -> 0.398 | K27: =D15 -> 0.398
B28: 17 | C28: AVISO PRÉVIO - PODERÁ SER ALTERADO | D28: 0.0004 | G28: Título | J28: %
B29: 18 | C29: INDENIZAÇÃO ADICIONAL - PODERÁ SER ALTERADO | D29: 0.0008 | G29: 13º salário | J29: =D18 -> 0.0833 | K29: =E18 -> 0.090909091
B30: 19 | C30: FGTS RECISÕES SEM JUSTA CAUSA - PODERÁ SER ALTERADO | D30: 0.0288 | G30: Férias | J30: =D19 -> 0.0833 | K30: =E19 -> 0.090909091
B31: Total do Módulo "C" | D31: =SUM(D27:D30) -> 0.0342 | G31: Subtotal | J31: =SUM(J29:J30) -> 0.1666 | K31: =SUM(K29:K30) -> 0.18181818
B32: Módulo D | D32: %
B33: 20 | C33: INCIDÊNCIA DE A SOBRE B | D33: =D15*(D25-D20) -> 0.0731524 | E33: =D15*(E25-E20) -> 0.079209236 | G33: Incidência Módulo "A" | J33: =J27*J31 -> 0.0663068 | K33: =K27*K31 -> 0.072363636
B34: Total do Módulo "D" | D34: =SUM(D33) -> 0.0731524 | E34: =SUM(E33) -> 0.079209236 | G34: Abono férias | J34: =D20 -> 0.0278 | K34: =E20 -> 0.03030303
B35: TOTAL DOS ENCARGOS SOCIAIS | D35: 1º Ano | E35: A partir do 2º ano | G35: FGTS Recisões sem Justa Causa | J35: =D30 -> 0.0288 | K35: =D30 -> 0.0288
D36: =ROUNDDOWN((D15+D25+D31+D34),5) -> 0.71695 | E36: =(D15+E25+D31+E34) -> 0.74073045 | G36: A CONTINGENCIAR | J36: =SUM(J31:J35) -> 0.2895068 | K36: =SUM(K31:K35) -> 0.31328485
B37: (*) Risco Acidente de Trabalho / Fator Acidentário de Prevenção
B38: (**) Variação das alíquotas de 0,5% a 6% de RAT, devido a incidência do FAP
B39: (***)Em caso de ausência de cobertura de férias, deverá ser alterado o divisor para 11 meses, à partir do segundo ano do contrato

Sheet Anx II-A Uniforme
A3: UNIFORME MASCULINO (a serem fornecidos conforme especificação do Termo de Referência)
A4: Item | B4: Nº de peças a serem | C4: Descrição do uniforme | D4: Valor unitário máximo admitido | E4: Valor máximo admitido por profissional para 12 meses (R$) | F4: Valor máximo admitido para 12 meses (R$)
A5: 1 | B5: 2 | C5: Terno completo - composto de 1 (um) Paletó e 1 (uma) Calça | D5: 850 | E5: =D5*B5 -> 1700 | F5: =E5*'Planilha de custos'!$P$17 -> 34000
A6: 2 | B6: 2 | C6: Camisa social | D6: 250 | E6: =D6*B6 -> 500 | F6: =E6*'Planilha de custos'!$P$17 -> 10000
A7: 3 | B7: 1 | C7: Gravata social | D7: 65 | E7: =D7*B7 -> 65 | F7: =E7*'Planilha de custos'!$P$17 -> 1300
A8: 4 | B8: 1 | C8: Cinto social | D8: 89 | E8: =D8*B8 -> 89 | F8: =E8*'Planilha de custos'!$P$17 -> 1780
A9: 5 | B9: 2 | C9: Meia social | D9: 25 | E9: =D9*B9 -> 50 | F9: =E9*'Planilha de custos'!$P$17 -> 1000
A10: 6 | B10: 2 | C10: Sapato social | D10: 320 | E10: =D10*B10 -> 640 | F10: =E10*'Planilha de custos'!$P$17 -> 12800
A11: 7 | B11: 1 | C11: Japona | D11: 350 | E11: =D11*B11 -> 350 | F11: =E11*'Planilha de custos'!$P$17 -> 7000
A12: TOTAL MÁXIMO ADMITIDO | E12: =SUM(E5:E11) -> 3394 | F12: =SUM(F5:F11) -> 67880
A14: UNIFORME FEMININO (a serem fornecidos conforme especificação do Termo de Referência)
A15: 8 | B15: 2 | C15: Terno Completo - composto de 1 (um) blazer e 1 (uma) calça | D15: 800 | E15: =D15*B15 -> 1600 | F15: =E15*'Planilha de custos'!$P$17 -> 32000
A16: 9 | B16: 2 | C16: Camisa social | D16: 280 | E16: =D16*B16 -> 560 | F16: =E16*'Planilha de custos'!$P$17 -> 11200
A17: 10 | B17: 1 | C17: Cinto social | D17: 89 | E17: =D17*B17 -> 89 | F17: =E17*'Planilha de custos'!$P$17 -> 1780
A18: 11 | B18: 2 | C18: Meia social | D18: 40 | E18: =D18*B18 -> 80 | F18: =E18*'Planilha de custos'!$P$17 -> 1600
A19: 12 | B19: 2 | C19: Sapato social | D19: 320 | E19: =D19*B19 -> 640 | F19: =E19*'Planilha de custos'!$P$17 -> 12800
A20: 13 | B20: 1 | C20: Japona | D20: 350 | E20: =D20*B20 -> 350 | F20: =E20*'Planilha de custos'!$P$17 -> 7000
A21: TOTAL MÁXIMO ADMITIDO | E21: =SUM(E15:E20) -> 3319 | F21: =SUM(F15:F20) -> 66380

Sheet Anx II-C Mat. e Equip.
B5: EQUIPAMENTO DE PROTEÇÃO INDIVIDUAL
B6: Item | C6: Nº de peças a serem fornecidas anualmente* | D6: Descrição | E6: Valor unitário máximo admitido | F6: Valor máxímo admitido por profissional no período de 12 meses
B7: 1 | C7: 20 | D7: Lanterna recarregável | E7: 62.88 | F7: =E7*C7 -> 1257.6
B8: 2 | C8: 20 | D8: Livro de ocorrências | E8: 21.1 | F8: =E8*C8 -> 422
B9: 3 | C9: 50 | D9: Fones de Ouvido | E9: 26 | F9: =E9*C9 -> 1300
B10: Valot estimado máximo admitido | F10: =SUM(F7:F9) -> 2979.6
B11: * fornecimento conforme solicitação do Fiscal

Sheet Anx II-D Equip. Detreciáveis
B5: EQUIPAMENTOS DEPRECIÁVEIS NECESSÁRIOS PARA A PRESTAÇÃO DOS SERVIÇOS (a serem fornecidos conforme especificação do Termo de Referência)
B6: Item | C6: Qtd. | D6: Descrição | E6: Prazo de vida útil (anos) | F6: Taxa anual de depreciação | G6: Valor unitário máximo admitido (R$) | H6: Valor total máximo admitido (R$) | I6: Valor máximo anual a ser ressarcido, considerando a depreciação (R$)
B7: 1 | C7: 25 | D7: Rádio Transceptor Digital Portátil Bidirecional. | E7: 5 | F7: 0.2 | G7: 2580 | H7: =G7*C7 -> 64500 | I7: =H7/E7 -> 12900
B8: 2 | C8: 1 | D8: Repetidora de rádio (incluindo instalação, configuração inicial e software de gerenciamento). | E8: 5 | F8: 0.2 | G8: 54250 | H8: =G8*C8 -> 54250 | I8: =H8/E8 -> 10850
B9: VALOR TOTAL MÁXIMO ADMITIDO A SER RESSARCIDO, CONSIDERANDO A DEPRECIAÇÃO DO EQUIPAMENTO | I9: =SUM(I7:I8) -> 23750

Sheet Cálculo Cobertura
B3: CÁLCULO DO PROFISSIONAL DE COBERTURA
B5: Postos de Trabalho | C5: MONTANTE "A" | I5: MONTANTE "B" | L5: Somatório Montantes "A" e "B" | M5: CITL Calculado sobre o somatório dos Montantes "A" e "B" | N5: Total unitário mensal do posto de trabalho | O5: Valor diário do cobertura | P5: Valor da hora do cobertura
C6: Salário | D6: 13º Salário | E6: Férias | F6: Abono de férias | G6: Incidência do Módulo A sobre 13º Salário e Férias | H6: Total unitário Montante "A" | I6: Auxílio-Alimentação | J6: Auxílio-transporte - parte da empresa | K6: Total unitário Montante "B"
D9: ='Encargos Sociais'!D18 -> 0.0833 | E9: ='Encargos Sociais'!D19 -> 0.0833 | F9: ='Encargos Sociais'!D20 -> 0.0278 | G9: ='Encargos Sociais'!D15 -> 0.398 | I9: Valor Mensal | J9: Valor Mensal | M9: ='Encargos Sociais'!K14 -> 0.31020408
B10: ='Planilha de custos'!A14 &" " & 'Planilha de custos'!C14 -> Agentes de Portaria CBO 5174-10 44hs - diurno | C10: ='Planilha de custos'!F14 -> 1543.91 | D10: =C10*$D$9 -> 128.6077 | E10: =C10*$E$9 -> 128.6077 | F10: =$F$9*C10 -> 42.920698 | G10: =($G$9*D10)+(E10*$G$9) -> 102.37173 | H10: =C10+D10+F10+G10+E10 -> 1946.4178 | I10: ='AA AT HORAS'!U15 -> 772.66667 | J10: ='AA AT HORAS'!M39 -> 131.03207 | K10: =I10+J10 -> 903.69873 | L10: =H10+K10 -> 2850.1166 | M10: =L10*$M$9 -> 884.11779 | N10: =L10+M10 -> 3734.2344 | O10: =N10/30 -> 124.47448 | P10: =N10/'AA AT HORAS'!S$31 -> 16.973793
B11: ='Planilha de custos'!A14 &" " & 'Planilha de custos'!C15 -> Agentes de Portaria CBO 5174-10 12x36hs - diurno | C11: ='Planilha de custos'!F15 -> 1543.91 | D11: =C11*$D$9 -> 128.6077 | E11: =C11*$E$9 -> 128.6077 | F11: =$F$9*C11 -> 42.920698 | G11: =($G$9*D11)+(E11*$G$9) -> 102.37173 | H11: =C11+D11+F11+G11+E11 -> 1946.4178 | I11: ='AA AT HORAS'!U16 -> 576.33333 | J11: ='AA AT HORAS'!M40 -> 74.198733 | K11: =I11+J11 -> 650.53207 | L11: =H11+K11 -> 2596.9499 | M11: =L11*$M$9 -> 805.58446 | N11: =L11+M11 -> 3402.5344 | O11: =N11/30 -> 113.41781 | P11: =N11/'AA AT HORAS'!S$31 -> 15.466065
B12: ='Planilha de custos'!A14 &" " & 'Planilha de custos'!C16 -> Agentes de Portaria CBO 5174-10 12x36hs - noturno | C12: ='Planilha de custos'!F16 -> 1733.3899 | D12: =C12*$D$9 -> 144.39138 | E12: =C12*$E$9 -> 144.39138 | F12: =$F$9*C12 -> 48.188238 | G12: =($G$9*D12)+(E12*$G$9) -> 114.93554 | H12: =C12+D12+F12+G12+E12 -> 2185.2964 | I12: ='AA AT HORAS'!U17 -> 576.33333 | J12: ='AA AT HORAS'!M41 -> 74.198733 | K12: =I12+J12 -> 650.53207 | L12: =H12+K12 -> 2835.8285 | M12: =L12*$M$9 -> 879.68556 | N12: =L12+M12 -> 3715.514 | O12: =N12/30 -> 123.85047 | P12: =N12/'AA AT HORAS'!S$31 -> 16.8887
